 Dungeon Crawl Stone Soup version 0.22-a0-570-g58866f5 (webtiles) character file.

289 Hebeh the Chopper (level 6, -5/55 HPs)
             Began as a Minotaur Fighter on June 30, 2018.
             Killed by divine providence
             ... invoked by an orc priest
              (11 damage)
             ... on level 3 of the Dungeon.
             The game lasted 00:06:11 (1704 turns).

Hebeh the Chopper (Minotaur Fighter)                Turns: 1704, Time: 00:06:12

Health: -5/55      AC:  7    Str: 23    XL:     6   Next: 9%
Magic:  5/5        EV:  7    Int:  5    God:
Gold:   120        SH: 10    Dex:  9    Spells: 5/5 levels left

rFire    . . .     SeeInvis .   a - +1 war axe
rCold    . . .     Gourm    .   c - +0 shield
rNeg     . . .     Faith    .   b - +0 scale mail
rPois    .         Spirit   .   (helmet restricted)
rElec    .         Reflect  .   (no cloak)
rCorr    .         Harm     .   (no gloves)
MR       .....                  (no boots)
Stlth    ..........             (no amulet)
HPRegen  0.18/turn              (no ring)
MPRegen  0.09/turn              (no ring)

@: no status effects
A: retaliatory headbutt, horns 2
a: no special abilities


You were on level 3 of the Dungeon.
You were not hungry.

You visited 1 branch of the dungeon, and saw 3 of its levels.

You collected 120 gold pieces.

Inventory:

Hand Weapons
 a - a +1 war axe (weapon)
Missiles
 p - 52 sling bullets
Armour
 b - a +0 scale mail (worn)
 c - a +0 shield (worn)
Scrolls
 i - a scroll of enchant armour {unknown}
 j - a scroll of noise {unknown}
 n - a scroll of amnesia {unknown}
 o - 2 scrolls of identify
 s - a scroll of remove curse
Potions
 d - a potion of might
 e - a potion of curing
 g - a potion of agility {unknown}
 h - a potion of mutation {unknown}
 k - a potion of berserk rage {unknown}
 l - a potion of degeneration
 m - a potion of flight {unknown}
Comestibles
 f - 8 rations
 r - 4 chunks of flesh


   Skills:
 + Level 4.8 Fighting
 * Level 5.2 Axes
 + Level 4.9 Armour
 + Level 4.8 Shields


You had 5 spell levels left.
You didn't know any spells.
Your spell library was empty.

Dungeon Overview and Level Annotations

Branches:
Dungeon (3/15)

Altars:
Okawaru
Trog


Innate Abilities, Weirdness & Mutations

You reflexively headbutt those who attack you in melee.
You have a pair of horns on your head.


Message History

Unknown command.
You are too injured to fight recklessly!
You closely miss the orc priest.
The orc priest is lightly wounded.
Your shield and scale mail prevent you from hitting the hobgoblin.
You closely miss the orc priest. You block the hobgoblin's attack.
The orc priest mumbles some strange prayers to Beogh against you.
Pain shoots through your body!
* * * LOW HITPOINT WARNING * * *
The orc priest hits you.
* * * LOW HITPOINT WARNING * * *
You slash the orc priest!
The orc priest is heavily wounded.
You closely miss the hobgoblin. You hit the orc priest.
The orc priest hits you but does no damage.
The hobgoblin hits you with a club.
* * * LOW HITPOINT WARNING * * *
The orc priest calls down the wrath of Beogh upon you.
Beogh smites you!
You die...

### #.# ###.######.# ..
#######.oo.......## .
..............@gb.....b..
.........######.#####.##.#.
.... ....######<### # r≈r.
.............# ≈#≈#
#..........# ≈#≈#
###..........## ≈#≈#
#..............# ≈≈≈#
#......#####...# .###
#......# ...#


You could see 2 orc priests, a hobgoblin and a bat.

Vanquished Creatures
  2 orc priests (D:3)
  A worker ant (D:2)
  2 orc wizards (D:3)
  3 adders
  A worm (D:2)
  3 leopard geckos
  7 orcs (D:3)
  A ball python (D:2)
  19 giant cockroaches
  8 goblins
  12 hobgoblins
  2 jackals (D:3)
  7 kobolds
  2 quokkas
  4 bats
  6 frilled lizards
  4 rats
84 creatures vanquished.

Vanquished Creatures (others)
  An orc wizard (D:3)
1 creature vanquished.

Grand Total: 85 creatures vanquished

Notes
Turn   | Place    | Note
-------+----------+-------------------------------------------
     0 | D:1      | Hebeh the Minotaur Fighter began the quest for the Orb.
     0 | D:1      | Reached XP level 1. HP: 19/19 MP: 0/0
    85 | D:1      | Reached XP level 2. HP: 24/27 MP: 1/1
   169 | D:1      | Reached skill level 3 in Axes
   276 | D:1      | Reached XP level 3. HP: 33/33 MP: 2/2
   626 | D:2      | Reached XP level 4. HP: 38/40 MP: 3/3
   672 | D:2      | Reached skill level 4 in Axes
  1064 | D:2      | Found a bloodstained altar of Trog.
  1065 | D:2      | Found an iron altar of Okawaru.
  1377 | D:3      | Reached XP level 5. HP: 30/47 MP: 4/4
  1617 | D:3      | Noticed an ogre
  1652 | D:3      | Reached skill level 5 in Axes
  1690 | D:3      | Reached XP level 6. HP: 34/55 MP: 5/5
  1704 | D:3      | Killed from afar by an orc priest

Vault maps used:
D:1:      minmay_arrival_plants_in_alcoves
D:2:      minmay_roachtagon, nicolae_overflow_hidden_temple,
          minmay_misc_feat_columns, hangedman_decor_points,
          minmay_tree_intersection
D:3:      first_ration, minmay_crystal_water

Skill      XL: |  1  2  3  4  5 |
---------------+----------------+-----
Axes           | 3 4 5 |  5.2
Fighting       | 4 |  4.8
Armour         | 4 |  4.9
Shields        | 4 |  4.8

Action                   |  1- 3 |  4- 6 || total
-------------------------+-------+-------++-------
Melee: War axe           |    79 |   129 ||   208
       Headbutt          |    10 |    19 ||    29
  Use: Scroll            |     2 |     2 ||     4
       Potion            |       |     1 ||     1
  Eat: Chunk             |       |     3 ||     3
Armor: Scale mail        |    38 |    49 ||    87
Dodge: Dodged            |    26 |    33 ||    59
Block: Shield            |    38 |    81 ||   119

Table legend:
 A = Spawn XP
 B = Non-spawn XP
 C = Spawn XP percentage of total XP
 D = Spawn monster count
 E = Non-spawn monster count
 F = Spawn count percentage of total count
 G = Total turns spent on level
                    A         B        C        D         E        F      G
               +---------+---------+-------+---------+---------+-------+---------
         Total |       0 |     414 |   0.0 |       0 |      85 |   0.0 |  1704
               +---------+---------+-------+---------+---------+-------+---------
           D:1 |       0 |      47 |   0.0 |       0 |      25 |   0.0 |   540
           D:2 |       0 |     116 |   0.0 |       0 |      35 |   0.0 |   721
           D:3 |       0 |     251 |   0.0 |       0 |      25 |   0.0 |   443
               +---------+---------+-------+---------+---------+-------+---------
